Workbook

Sheet Monthly Budget
A1: Housing | B1: Cost | D1: Debt | E1: Monthly Cost | F1: Total Amount | H1: Entertainment | I1: Cost | K1: Personal | L1: Cost | N1: Budget Tracker | Q1: Common Budget Rule Comparison (50/30/20 Rule)
A2: Mortgage or Rent | B2: 0 | D2: Car loan (Interest Rate) | E2: 0 | F2: 0 | H2: Netflix | I2: 0 | K2: Medical | L2: 0 | N2: Job Income 1 | O2: 0 | Q2: Category | R2: Recommended Amount | S2: Actual Amount | T2: Difference | U2: Percentage
A3: Phone | B3: 0 | D3: Medical Bill | E3: 0 | F3: 0 | H3: Hulu | I3: 0 | K3: Hair/nails | L3: 0 | N3: Job Income 2 | O3: 0 | Q3: Mandatory Expenses (50% Goal) | R3: =O9 * 0.5 -> 0 | S3: =O10 -> 0 | T3: =R3-S3 -> 0 | U3: =O10/SUM($O$2:$O$8) -> #DIV/0!
A4: Electricity | B4: 0 | D4: Student Loan | E4: 0 | F4: 0 | H4: Disney Plus | I4: 0 | K4: Clothing | L4: 0 | N4: Side Income | O4: 0 | Q4: Supplemental Expenses (30% Goal) | R4: =O9 * 0.3 -> 0 | S4: =O11 -> 0 | T4: =R4-S4 -> 0 | U4: =O11/SUM($O$2:$O$8) -> #DIV/0!
A5: Internet | B5: 0 | D5: Credit Card 1 (Interest Rate) | E5: 0 | F5: 0 | H5: Audible | I5: 0 | K5: Dry cleaning | L5: 0 | N5: Child Support | O5: 0 | Q5: Savings (20% Goal) | R5: =O9 * 0.2 -> 0 | S5: =O12 -> 0 | T5: =R5-S5 -> 0 | U5: =O12/SUM($O$2:$O$8) -> #DIV/0!
A6: Water | B6: 0 | D6: Credit Card 2 (Interest Rate) | E6: 0 | F6: 0 | I6: 0 | K6: Cleaning Supplies | L6: 0 | N6: Misc. | O6: 0
A7: Trash | B7: 0 | D7: Credit Card 3 (Interest Rate) | E7: 0 | F7: 0 | I7: 0 | K7: Donations/Tithes | L7: 0
A8: Pool Supplies | B8: 0 | D8: Credit Card 4 (Interest Rate) | E8: 0 | F8: 0 | I8: 0 | K8: Therapy | L8: 0
A9: CDD | B9: 0 | D9: Credit Card 5 (Interest Rate) | E9: 0 | F9: 0 | I9: 0 | K9: Gym Membership | L9: 0 | N9: Income | O9: =SUM(O2:O8) -> 0
B10: 0 | E10: 0 | F10: 0 | I10: 0 | K10: Club Memberships | L10: 0 | N10: Mandatory Expenses | O10: =B15+B25+B33+E23+E37 -> 0
B11: 0 | E11: 0 | F11: 0 | I11: 0 | L11: 0 | N11: Supplemental Expenses | O11: =I13+I26+I37+L15 -> 0
B12: 0 | E12: 0 | F12: 0 | I12: 0 | L12: 0 | N12: Total (Savings) | O12: =O9-(O10+O11) -> 0
B13: 0 | E13: 0 | F13: 0 | H13: Total | I13: =SUM(I2:I12) -> 0 | L13: 0
B14: 0 | E14: 0 | F14: 0 | L14: 0
A15: Total | B15: =SUM(B2:B14) -> 0 | E15: 0 | F15: 0 | K15: Total | L15: =SUM(L2:L14) -> 0
E16: 0 | F16: 0 | H16: Food | I16: Cost
E17: 0 | F17: 0 | H17: Groceries | I17: 0
A18: Transportation | B18: Cost | E18: 0 | F18: 0 | H18: Dining out | I18: 0
A19: Car Insurance | B19: 0 | E19: 0 | F19: 0 | I19: 0
A20: Fuel | B20: 0 | E20: 0 | F20: 0 | I20: 0
A21: Maintenance | B21: 0 | E21: 0 | F21: 0 | I21: 0
A22: Sunpass | B22: 0 | E22: 0 | F22: 0 | I22: 0
B23: 0 | D23: Total | E23: =SUM(E2:E16) -> 0 | F23: =SUM(F2:F22) -> 0 | I23: 0
B24: 0 | I24: 0
A25: Total | B25: =SUM(B19:B24) -> 0 | I25: 0
D26: Children | E26: Cost | H26: Total | I26: =SUM(I17:I25) -> 0
D27: Medical | E27: 0
A28: Insurance | B28: Cost | D28: Clothing | E28: 0
A29: Renters | B29: 0 | D29: After School Care | E29: 0 | H29: Pets | I29: Cost
A30: Health | B30: 0 | D30: School supplies | E30: 0 | H30: Food | I30: 0
B31: 0 | D31: Organization dues/fees | E31: 0 | H31: Medical | I31: 0
B32: 0 | D32: Lunch money | E32: 0 | H32: Grooming | I32: 0
A33: Total | B33: =SUM(B29:B32) -> 0 | D33: Toys/games | E33: 0 | H33: Toys | I33: 0
E34: 0 | H34: Insurance | I34: 0
E35: 0 | I35: 0
E36: 0 | I36: 0
D37: Total | E37: =SUM(E27:E36) -> 0 | H37: Total | I37: =SUM(I30:I36) -> 0

Sheet Expense Break-Out Summary
B2: Expense Category | C2: % of Total Expense
B3: ='Monthly Budget'!A1 -> Housing | C3: ='Monthly Budget'!B15/('Monthly Budget'!$O$10+'Monthly Budget'!$O$11) -> #DIV/0!
B4: ='Monthly Budget'!A18 -> Transportation | C4: ='Monthly Budget'!B25/('Monthly Budget'!$O$10+'Monthly Budget'!$O$11) -> #DIV/0!
B5: ='Monthly Budget'!A28 -> Insurance | C5: ='Monthly Budget'!B33/('Monthly Budget'!$O$10+'Monthly Budget'!$O$11) -> #DIV/0!
B6: ='Monthly Budget'!D1 -> Debt | C6: ='Monthly Budget'!E23/('Monthly Budget'!$O$10+'Monthly Budget'!$O$11) -> #DIV/0!
B7: ='Monthly Budget'!D26 -> Children | C7: ='Monthly Budget'!E37/('Monthly Budget'!$O$10+'Monthly Budget'!$O$11) -> #DIV/0!
B8: ='Monthly Budget'!H1 -> Entertainment | C8: ='Monthly Budget'!I13/('Monthly Budget'!$O$10+'Monthly Budget'!$O$11) -> #DIV/0!
B9: ='Monthly Budget'!H16 -> Food | C9: ='Monthly Budget'!I26/('Monthly Budget'!$O$10+'Monthly Budget'!$O$11) -> #DIV/0!
B10: ='Monthly Budget'!H29 -> Pets | C10: ='Monthly Budget'!I37/('Monthly Budget'!$O$10+'Monthly Budget'!$O$11) -> #DIV/0!
B11: ='Monthly Budget'!K1 -> Personal | C11: ='Monthly Budget'!L15/('Monthly Budget'!$O$10+'Monthly Budget'!$O$11) -> #DIV/0!
C12: =SUM(C3:C11) -> #DIV/0!
